 Dungeon Crawl Stone Soup version 0.28.0-47-ge53b351184 (webtiles) character file.

Game seed: 9740096301904012787

5 Kaptain the Digger (level 1, -2/11 HPs)
             Began as a Gargoyle Earth Elementalist on Apr 25, 2022.
             Slain by a hobgoblin (3 damage)
             ... on level 1 of the Dungeon.
             The game lasted 00:00:39 (53 turns).

Kaptain the Digger (Gargoyle Earth Elementalist)      Turns: 53, Time: 00:00:40

Health: -2/11      AC:  4    Str: 11    XL:     1   Next: 80%
Magic:  0/3        EV: 12    Int: 15    God:
Gold:   0          SH:  0    Dex: 10    Spells: 3/4 levels left

rFire   . . .      SeeInvis .   (no weapon)
rCold   . . .      Faith    .   (no shield)
rNeg    + . .      Spirit   .   b - +0 robe
rPois   ∞          Reflect  .   (no helmet)
rElec   +          Harm     .   (no cloak)
rCorr   .          Rampage  .   (no gloves)
Will    .....                   (no boots)
Stlth   ++........              (no amulet)
HPRegen 0.03/turn               (no ring)
MPRegen 0.08/turn               (no ring)

@: no status effects
A: sickness immunity, AC +2, negative energy resistance 1, electricity
resistance, torment resistance 1, petrification resistance
a: no special abilities


You were on level 1 of the Dungeon.
You visited 1 branch of the dungeon, and saw 1 of its levels.

Inventory:

Missiles
 c - 25 stones
Armour
 b - a +0 robe (worn)


   Skills:
 * Level 0.3 Fighting
 + Level 0.1 Armour
 + Level 1.6 Dodging
 - Level 2.1 Stealth
 * Level 2.0 Spellcasting
 * Level 0.3 Conjurations
 - Level 0.7 Transmutations
 * Level 3.7 Earth Magic


You had 3 spell levels left.
You knew the following spells:

 Your Spells              Type           Power      Damage    Failure   Level
a - Sandblast             Erth           24%        2d8       4%          1

Your spell library contained the following spells:

 Spells                   Type           Power      Damage    Failure   Level
 Passwall                 Tmut/Erth      6%         N/A       13%         2
 Stone Arrow              Conj/Erth      14%        3d7       28%         3
 Petrify                  Tmut/Erth      8%         N/A       65%         4


Dungeon Overview and Level Annotations

Branches:
Dungeon (1/15)

Altars:


Innate Abilities, Weirdness & Mutations

You are immune to sickness and miasma.
Your stone body is resilient. (AC +2)
You are immune to poison.
You resist negative energy. (rN+)
You are resistant to electric shocks. (rElec)
You are resistant to unholy torment.
You are immune to petrification.


Message History

You barely miss the jackal. The jackal bites you.
* * * LOW HITPOINT WARNING * * *
The jackal closely misses you.
You closely miss the jackal. The jackal barely misses you.
You hit the jackal.
The jackal is heavily wounded.
The jackal misses you. The jackal closely misses you.
You closely miss the jackal.
The jackal is heavily wounded.
The jackal misses you.
You hit the jackal.
The jackal is heavily wounded.
The jackal bites you but does no damage.
You hit the jackal but do no damage.
The jackal is heavily wounded.
The jackal bites you but does no damage. x2
You hit the jackal.
The jackal is almost dead.
The jackal closely misses you.
You hit the jackal but do no damage.
The jackal is almost dead.
The jackal misses you. x2
You closely miss the jackal.
The jackal is almost dead.
The jackal misses you.
Casting: Sandblast (safe; 4% risk of failure)
Confirm with . or Enter, or press ? or * to list all spells.
Aiming: Sandblast (safe; 4% risk of failure)
Press: ? - help, Shift-Dir - straight line, f - jackal
Aim: a jackal (severely wounded, 74% to hit)
The blast of sand hits the jackal.
You kill the jackal!
The hobgoblin hits you.
* * * LOW HITPOINT WARNING * * *
There is an open door here.
There is an open door here.
There is an open door here.
There is an open door here.
The hobgoblin hits you.
You die...

......
.....# ....#
+### ....
##..#
#..#+#'#'###
#..##..#..<#
#..#'#g#'###
#....##@.#
##.#+#+###
#.# #)# #..
#.## #.. ...
##.


You could see a hobgoblin.

Vanquished Creatures
  A goblin (D:1)
  3 jackals (D:1)
4 creatures vanquished.

Notes
Turn   | Place    | Note
-------+----------+-------------------------------------------
     0 | D:1      | Kaptain the Gargoyle Earth Elementalist began the quest for
                  | the Orb.
     0 | D:1      | Reached XP level 1. HP: 10/10 MP: 3/3
    53 | D:1      | Slain by a hobgoblin

Illustrated notes

Levels and vault maps discovered:
D:1:      erik_arrival_triangle_medium, layout_rooms,
          dreamdust_ecumenical_altar_hidden_monk_grotto, minmay_cupped

Action                   || total
-------------------------++-------
Melee: Unarmed           ||    21
 Cast: Sandblast         ||     5
Armor: Robe              ||     7
Dodge: Dodged            ||    19
